[ AOE2 MATCH · #506945066 ]
UnrankedGurjaras vs Bengalis
Player's team · WIN
Rival team · LOSS
[ REPLAY ANALYSIS · EXTRACTED FROM THE RECORDED GAME ]
Feudal
12:12
Castle
15:44
Imperial
—
| APM avg | 72.9 |
| APM peak | 128 |
| eAPM avg | 44.0 |
| Villagers / military | 146 / 82 |
Focus
⚔️ 53.0% · 🌾 47.0%
Camel Scout ×42 · Scout Cavalry ×32 · Fishing Ship ×8 · Monk ×6 · Fire Galley ×1 · Transport Ship ×1
Feudal
10:47
Castle
14:35
Imperial
—
| APM avg | 51.3 |
| APM peak | 105 |
| eAPM avg | 23.5 |
| Villagers / military | 54 / 51 |
Focus
⚔️ 44.7% · 🌾 55.3%
Ratha (Ranged) ×45 · Fishing Ship ×7 · Armored Elephant ×4 · Monk ×2 · Unknown (2626) ×1
Match map
Initial resources + every placement click. Lines = walls · curves = elevation contours. ◆ gold · ⬟ stone · ● berries · ✦ relic · ◌ wall gap
Your base· Open — 12t gap
Monkey Boy's base· Open — 9t gap
Smoothed initial terrain · ◌ = detected wall gap · hover for details
Inputs per minute
— DS_VarVa - - Monkey Boy
Build order — DS_VarVa
First 150 of 363 actions detected
| 0:23 | Build | Town Center |
| 0:30 | Build | Dock |
| 2:15 | Create | Villager (Male) |
| 2:15 | Create | Villager (Male) |
| 2:15 | Create | Villager (Male) |
| 2:20 | Build | House |
| 2:21 | Build | House |
| 2:23 | Create | Villager (Male) |
| 2:24 | Create | Villager (Male) |
| 3:09 | Create | Villager (Male) |
| 3:09 | Create | Villager (Male) |
| 3:41 | Create | Fishing Ship |
| 3:41 | Create | Fishing Ship |
| 4:16 | Build | House |
| 4:54 | Create | Villager (Male) |
| 4:54 | Create | Villager (Male) |
| 4:54 | Create | Villager (Male) |
| 5:05 | Build | Mill |
| 5:05 | Create | Villager (Male) |
| 5:06 | Create | Villager (Male) |
| 5:12 | Create | Fishing Ship |
| 5:16 | Build | House |
| 5:38 | Create | Fishing Ship |
| 6:17 | Create | Villager (Male) |
| 6:17 | Create | Villager (Male) |
| 6:25 | Build | Mill |
| 6:36 | Create | Villager (Male) |
| 6:36 | Create | Villager (Male) |
| 6:41 | Build | House |
| 6:45 | Create | Villager (Male) |
| 6:45 | Create | Villager (Male) |
| 6:59 | Create | Fishing Ship |
| 7:15 | Create | Villager (Male) |
| 7:15 | Create | Villager (Male) |
| 7:24 | Build | Lumber Camp |
| 7:31 | Create | Villager (Male) |
| 7:42 | Create | Villager (Male) |
| 8:07 | Create | Villager (Male) |
| 8:14 | Build | Palisade Wall |
| 8:16 | Build | Palisade Wall |
| 8:20 | Create | Villager (Male) |
| 8:32 | Create | Villager (Male) |
| 8:54 | Build | Dock |
| 8:59 | Create | Villager (Male) |
| 8:59 | Create | Villager (Male) |
| 9:36 | Build | House |
| 9:37 | Build | Palisade Wall |
| 9:39 | Create | Villager (Male) |
| 9:42 | Create | Fishing Ship |
| 9:55 | Research | Feudal Age |
| 10:29 | Create | Fishing Ship |
| 10:36 | Build | Palisade Wall |
| 10:58 | Create | Villager (Male) |
| 11:04 | Build | Barracks |
| 11:08 | Create | Villager (Male) |
| 11:15 | Research | Loom |
| 11:17 | Create | Villager (Male) |
| 12:12 | Age | Feudal Age |
| 12:15 | Build | Stable |
| 12:17 | Build | Blacksmith |
| 12:24 | Create | Villager (Male) |
| 12:26 | Build | Palisade Wall |
| 12:27 | Build | House |
| 12:31 | Build | Palisade Gate |
| 12:34 | Create | Villager (Male) |
| 12:44 | Build | House |
| 12:45 | Build | House |
| 12:53 | Research | Double-Bit Axe |
| 12:53 | Research | Double-Bit Axe |
| 13:01 | Research | Castle Age |
| 13:01 | Research | Castle Age |
| 13:23 | Create | Villager (Male) |
| 13:23 | Create | Villager (Male) |
| 13:44 | Create | Camel Scout |
| 13:44 | Create | Villager (Male) |
| 13:53 | Create | Villager (Male) |
| 14:07 | Create | Camel Scout |
| 14:08 | Create | Camel Scout |
| 14:10 | Create | Villager (Male) |
| 14:18 | Create | Villager (Male) |
| 14:34 | Create | Scout Cavalry |
| 14:37 | Create | Villager (Male) |
| 14:43 | Create | Villager (Male) |
| 14:43 | Create | Villager (Male) |
| 14:47 | Create | Fire Galley |
| 14:49 | Create | Villager (Male) |
| 14:50 | Create | Villager (Male) |
| 14:51 | Create | Villager (Male) |
| 15:08 | Create | Scout Cavalry |
| 15:11 | Create | Villager (Male) |
| 15:14 | Create | Villager (Male) |
| 15:29 | Build | Market |
| 15:35 | Create | Villager (Male) |
| 15:42 | Build | Palisade Wall |
| 15:44 | Age | Castle Age |
| 15:44 | Create | Camel Scout |
| 15:48 | Build | Town Center |
| 15:56 | Create | Fishing Ship |
| 16:05 | Create | Camel Scout |
| 16:07 | Create | Villager (Male) |
| 16:12 | Research | Forging |
| 16:16 | Create | Villager (Male) |
| 16:21 | Create | Villager (Male) |
| 16:25 | Create | Villager (Male) |
| 16:29 | Research | Husbandry |
| 16:30 | Research | Husbandry |
| 16:45 | Create | Villager (Male) |
| 16:46 | Create | Villager (Male) |
| 16:56 | Create | Villager (Male) |
| 17:05 | Create | Villager (Male) |
| 17:05 | Create | Villager (Male) |
| 17:08 | Create | Villager (Male) |
| 17:08 | Create | Villager (Male) |
| 17:09 | Create | Villager (Male) |
| 17:13 | Create | Camel Scout |
| 17:13 | Create | Camel Scout |
| 17:29 | Create | Villager (Male) |
| 17:31 | Build | Monastery |
| 17:34 | Create | Villager (Male) |
| 17:36 | Create | Villager (Male) |
| 17:37 | Create | Villager (Male) |
| 17:51 | Create | Camel Scout |
| 18:08 | Research | Scale Barding Armor |
| 18:13 | Create | Villager (Male) |
| 18:16 | Create | Monk |
| 18:23 | Create | Villager (Male) |
| 18:26 | Build | Town Center |
| 18:33 | Create | Villager (Male) |
| 18:34 | Create | Villager (Male) |
| 18:40 | Build | Mining Camp |
| 18:46 | Create | Monk |
| 18:47 | Create | Monk |
| 18:57 | Create | Villager (Male) |
| 18:58 | Create | Villager (Male) |
| 18:58 | Create | Villager (Male) |
| 19:08 | Create | Villager (Male) |
| 19:11 | Build | Farm |
| 19:14 | Research | Horse Collar |
| 19:17 | Create | Villager (Male) |
| 19:19 | Create | Villager (Male) |
| 19:19 | Create | Villager (Male) |
| 19:23 | Research | Bow Saw |
| 19:26 | Create | Camel Scout |
| 19:27 | Create | Villager (Male) |
| 19:30 | Build | House |
| 19:30 | Build | House |
| 19:44 | Create | Camel Scout |
| 19:44 | Create | Camel Scout |
| 19:45 | Create | Villager (Male) |
| 19:48 | Build | House |
Build order — Monkey Boy
First 150 of 186 actions detected
| 0:13 | Build | Dock |
| 0:18 | Build | Town Center |
| 0:38 | Build | House |
| 2:03 | Create | Villager (Male) |
| 2:04 | Create | Villager (Male) |
| 2:04 | Create | Villager (Male) |
| 2:23 | Create | Villager (Male) |
| 2:23 | Create | Villager (Male) |
| 2:35 | Build | Palisade Wall |
| 2:47 | Create | Fishing Ship |
| 2:56 | Research | Loom |
| 3:07 | Build | House |
| 3:11 | Create | Villager (Male) |
| 3:11 | Create | Villager (Male) |
| 3:11 | Create | Villager (Male) |
| 3:11 | Create | Villager (Male) |
| 4:13 | Create | Fishing Ship |
| 4:18 | Create | Villager (Male) |
| 4:21 | Build | House |
| 4:42 | Create | Villager (Male) |
| 4:43 | Create | Villager (Male) |
| 4:49 | Create | Fishing Ship |
| 5:17 | Create | Villager (Male) |
| 5:25 | Build | House |
| 5:34 | Create | Fishing Ship |
| 5:34 | Create | Fishing Ship |
| 5:36 | Create | Villager (Male) |
| 5:37 | Create | Villager (Male) |
| 6:27 | Create | Fishing Ship |
| 6:31 | Build | House |
| 6:49 | Create | Villager (Male) |
| 7:13 | Create | Fishing Ship |
| 7:47 | Create | Villager (Male) |
| 7:51 | Create | Villager (Male) |
| 7:55 | Build | Mining Camp |
| 8:35 | Research | Feudal Age |
| 8:45 | Build | Mill |
| 9:31 | Create | Villager (Male) |
| 9:31 | Create | Villager (Male) |
| 10:28 | Build | House |
| 10:47 | Age | Feudal Age |
| 10:51 | Build | Market |
| 11:14 | Build | Blacksmith |
| 11:46 | Build | Mining Camp |
| 11:55 | Research | Castle Age |
| 11:55 | Research | Castle Age |
| 12:31 | Build | Lumber Camp |
| 13:07 | Build | House |
| 13:17 | Create | Villager (Male) |
| 13:22 | Research | Double-Bit Axe |
| 13:45 | Build | House |
| 13:51 | Research | Padded Archer Armor |
| 13:53 | Research | Fletching |
| 14:35 | Age | Castle Age |
| 14:41 | Build | Castle |
| 14:51 | Create | Villager (Male) |
| 15:25 | Create | Villager (Male) |
| 15:38 | Create | Ratha (Ranged) |
| 15:38 | Create | Ratha (Ranged) |
| 15:47 | Create | Villager (Male) |
| 15:54 | Research | Bodkin Arrow |
| 16:07 | Create | Unit 2626 |
| 16:12 | Create | Ratha (Ranged) |
| 16:13 | Create | Villager (Male) |
| 16:14 | Create | Villager (Male) |
| 16:20 | Build | University |
| 16:27 | Create | Villager (Male) |
| 16:39 | Create | Ratha (Ranged) |
| 16:53 | Create | Villager (Male) |
| 16:59 | Create | Ratha (Ranged) |
| 17:13 | Create | Villager (Male) |
| 17:17 | Create | Villager (Male) |
| 17:35 | Create | Ratha (Ranged) |
| 17:36 | Create | Ratha (Ranged) |
| 17:37 | Create | Villager (Male) |
| 17:56 | Create | Ratha (Ranged) |
| 17:56 | Create | Villager (Male) |
| 18:16 | Create | Villager (Male) |
| 18:19 | Research | Bow Saw |
| 18:20 | Research | Bow Saw |
| 18:32 | Create | Ratha (Ranged) |
| 18:32 | Create | Ratha (Ranged) |
| 19:12 | Create | Ratha (Ranged) |
| 19:13 | Create | Ratha (Ranged) |
| 19:14 | Create | Villager (Male) |
| 19:29 | Research | Ballistics |
| 19:33 | Create | Villager (Male) |
| 19:39 | Create | Villager (Male) |
| 19:47 | Create | Ratha (Ranged) |
| 19:48 | Create | Villager (Male) |
| 20:34 | Build | House |
| 20:39 | Create | Ratha (Ranged) |
| 20:56 | Create | Ratha (Ranged) |
| 20:56 | Create | Ratha (Ranged) |
| 21:01 | Create | Villager (Male) |
| 21:02 | Create | Ratha (Ranged) |
| 21:05 | Build | Lumber Camp |
| 21:29 | Build | Mining Camp |
| 21:37 | Create | Villager (Male) |
| 21:43 | Build | Barracks |
| 21:51 | Create | Villager (Male) |
| 21:53 | Create | Ratha (Ranged) |
| 22:15 | Create | Ratha (Ranged) |
| 22:18 | Build | House |
| 22:23 | Create | Villager (Male) |
| 22:32 | Build | Siege Workshop |
| 22:36 | Create | Ratha (Ranged) |
| 22:44 | Build | Stable |
| 22:54 | Create | Ratha (Ranged) |
| 22:55 | Create | Ratha (Ranged) |
| 23:33 | Research | Husbandry |
| 23:37 | Research | Bloodlines |
| 23:41 | Build | Lumber Camp |
| 23:43 | Create | Villager (Male) |
| 23:51 | Create | Ratha (Ranged) |
| 23:51 | Create | Ratha (Ranged) |
| 24:02 | Create | Villager (Male) |
| 24:05 | Build | Monastery |
| 24:30 | Create | Ratha (Ranged) |
| 24:30 | Create | Ratha (Ranged) |
| 24:32 | Build | Lumber Camp |
| 24:34 | Create | Villager (Male) |
| 24:34 | Create | Villager (Male) |
| 24:36 | Build | Farm |
| 24:37 | Build | Farm |
| 24:37 | Build | Farm |
| 24:40 | Build | Farm |
| 24:52 | Create | Ratha (Ranged) |
| 24:58 | Create | Monk |
| 24:59 | Create | Monk |
| 25:04 | Build | House |
| 25:05 | Build | House |
| 25:06 | Build | House |
| 25:29 | Build | House |
| 25:32 | Create | Ratha (Ranged) |
| 25:32 | Create | Ratha (Ranged) |
| 26:18 | Create | Ratha (Ranged) |
| 26:18 | Create | Ratha (Ranged) |
| 26:19 | Create | Villager (Male) |
| 26:22 | Create | Villager (Male) |
| 26:26 | Build | Town Center |
| 26:43 | Build | Siege Workshop |
| 26:53 | Create | Ratha (Ranged) |
| 26:56 | Create | Villager (Male) |
| 27:04 | Create | Ratha (Ranged) |
| 27:17 | Build | Mining Camp |
| 27:19 | Create | Villager (Male) |
| 27:20 | Create | Armored Elephant |
| 27:20 | Create | Armored Elephant |
| 27:23 | Build | House |
Match timeline
| 0:13 | Monkey Boy · first_building Dock |
| 0:30 | DS_VarVa · first_building Dock |
| 2:35 | Monkey Boy · wall_segment Palisade Wall x1 |
| 8:14 | DS_VarVa · wall_segment Palisade Wall x1 |
| 8:16 | DS_VarVa · wall_segment Palisade Wall x1 |
| 9:37 | DS_VarVa · wall_segment Palisade Wall x4 |
| 10:36 | DS_VarVa · wall_segment Palisade Wall x2 |
| 10:47 | Monkey Boy · age_up feudal |
| 11:04 | DS_VarVa · first_building Barracks |
| 12:12 | DS_VarVa · age_up feudal |
| 12:15 | DS_VarVa · first_building Stable |
| 12:26 | DS_VarVa · wall_segment Palisade Wall x1 |
| 14:17 | Monkey Boy · first_market_buy 100 stone |
| 14:35 | Monkey Boy · age_up castle |
| 14:41 | Monkey Boy · first_building Castle |
| 15:42 | DS_VarVa · wall_segment Palisade Wall x1 |
| 15:44 | DS_VarVa · age_up castle |
| 15:51 | Monkey Boy · first_market_sell 100 wood |
| 17:31 | DS_VarVa · first_building Monastery |
| 21:43 | Monkey Boy · first_building Barracks |
| 22:08 | DS_VarVa · first_market_buy 100 food |
| 22:32 | Monkey Boy · first_building Siege Workshop |
| 22:44 | Monkey Boy · first_building Stable |
| 24:05 | Monkey Boy · first_building Monastery |
| 25:20 | DS_VarVa · first_building Castle |
| 27:03 | DS_VarVa · wall_segment Stone Wall x6 |
| 27:05 | DS_VarVa · wall_segment Stone Wall x7 |
| 29:25 | DS_VarVa · wall_segment Stone Wall x3 |
| 30:09 | DS_VarVa · first_market_sell 100 wood |
| 31:04 | Monkey Boy · resign |
[ AI ANALYSIS · 1 CREDIT ]
What really happened in this match?
Wolo.gg analyzes every decision: build order, eco, micro, common mistakes by bracket. Personalized analysis on WhatsApp or Discord in 30 seconds.
Civ guide
Gurjaras
Perfil
VarVarus (DS_VarVa)